[Event "Titled Tuesday Blitz June 15 2021"]
[White "Zhigalko, Sergei"]
[Black "Murzin, Volodar"]
[WhiteFideId "13502956"]
[BlackFideId "44155573"]
[WhiteElo "2662"]
[BlackElo "2541"]
[Result "1-0"]
[Round "07"]
[TimeControl "180+1"]
[Date "2021.06.15"]
[WhiteClock "0:00:07"]
[BlackClock "0:00:03"]

1. e4 c6 2. d4 d5 3. e5 Bf5 4. Nf3 e6 5. Be2 Ne7 6. O-O h6 7. Nbd2 Nd7 8. a4 Bh7 9. a5 Ng6 10. Re1 Be7 11. c3 O-O 12. b4 f6 13. exf6 Bxf6 14. Bd3 Re8 15. Qc2 Ngf8 16. Ne5 Bxe5 17. dxe5 Qh4 18. Nf3 Bxd3 19. Qxd3 Qh5 20. a6 b6 21. Bf4 Ng6 22. Bg3 c5 23. Qb5 Re7 24. Qc6 Rf8 25. Rad1 Kh7 26. Qd6 Rxf3 27. gxf3 Qxf3 28. h4 Qf5 29. Re3 Rf7 30. Rd2 Qg4 31. Kh2 Qf5 32. Kg1 c4 33. Rd4 b5 34. h5 Qxh5 35. Qxe6 Nb6 36. Qg4 Qxg4 37. Rxg4 Re7 38. e6 Nc8 39. Bb8 Nf8 40. Rd4 Rxe6 41. Rxe6 Nxe6 42. Rxd5 Kg6 43. Rxb5 Kf6 44. Rb7 Kg5 45. Bxa7 Kf5 46. Be3 Ke4 47. Rb8 Kd3 48. Rxc8 1-0


[Site "https://www.chess.com"]

[Event "Titled Tuesday Blitz June 15 2021"]
[White "Zhukov, Anton"]
[Black "Araujo Sanchez, Josue"]
[WhiteFideId "34187534"]
[BlackFideId "6416896"]
[WhiteElo "2104"]
[BlackElo "2140"]
[Result "0-1"]
[Round "07"]
[TimeControl "180+1"]
[Date "2021.06.15"]
[WhiteClock "0:00:10"]
[BlackClock "0:01:30"]

1. d4 Nf6 2. c4 e6 3. Nf3 b6 4. g3 Ba6 5. Qc2 c5 6. d5 exd5 7. cxd5 g6 8. Nc3 Bg7 9. Bg2 O-O 10. O-O Re8 11. Re1 d6 12. e4 b5 13. e5 dxe5 14. Nxe5 b4 15. d6 bxc3 16. Bxa8 Rxe5 17. Rxe5 Nbd7 18. Re7 Qxa8 19. Qb3 c4 20. Qa4 Bb7 21. Qxc4 Bd5 22. Qf1 Ng4 23. bxc3 Nge5 24. f4 Nf3+ 25. Kf2 Nf6 26. h3 Qc6 27. Be3 Qxd6 28. Rxa7 Qe6 29. Qb5 Ne4+ 30. Kf1 Qxh3+ 31. Ke2 Nxc3+ 0-1


[Site "https://www.chess.com"]

[Event "Titled Tuesday Blitz June 15 2021"]
[White "Zufic, Miroslav"]
[Black "Erdogdu, Mert"]
[WhiteFideId "14506157"]
[BlackFideId "6301495"]
[WhiteElo "2362"]
[BlackElo "2485"]
[Result "0-1"]
[Round "07"]
[TimeControl "180+1"]
[Date "2021.06.15"]
[WhiteClock "0:00:28"]
[BlackClock "0:00:52"]

1. e4 c5 2. Nf3 d6 3. d4 cxd4 4. Nxd4 Nf6 5. Nc3 a6 6. g3 e6 7. Bg2 Be7 8. O-O O-O 9. h3 Bd7 10. g4 h6 11. Nce2 Nc6 12. c3 Rc8 13. Ng3 Qc7 14. f4 Rfe8 15. Be3 Bf8 16. g5 hxg5 17. fxg5 Nh7 18. h4 Ne5 19. h5 Qd8 20. g6 fxg6 21. hxg6 Nxg6 22. Qh5 Ne5 23. Bh3 Nf6 24. Qh4 Nfg4 25. Bg5 Be7 26. Bxe7 Qxe7 27. Qxe7 Rxe7 28. Nh5 Rf8 29. Rxf8+ Kxf8 30. Nf4 Kg8 31. Kg2 g5 32. Nh5 Rh7 33. Bxg4 Nxg4 34. Rh1 Kf7 35. Kg3 Ne5 36. Rf1+ Ke7 37. Nf6 Rf7 38. Ng8+ Kf8 39. Rxf7+ Kxf7 40. Nh6+ Kg6 41. Ng8 Kf7 42. Nh6+ Kg7 43. Ng4 Nxg4 44. Kxg4 e5+ 45. Nf5+ Kf6 46. c4 Bxf5+ 47. exf5 e4 48. b4 b6 49. a4 e3 50. Kf3 Kxf5 51. Kxe3 Ke5 0-1


[Site "https://www.chess.com"]

[Event "Titled Tuesday Blitz June 15 2021"]
[White "Aditya Mittal"]
[Black "Chernomordik, Pavel"]
[WhiteFideId "35042025"]
[BlackFideId "2804530"]
[WhiteElo "2171"]
[BlackElo "2299"]
[Result "0-1"]
[Round "08"]
[TimeControl "180+1"]
[Date "2021.06.15"]
[WhiteClock "0:00:03"]
[BlackClock "0:00:16"]

1. d4 g6 2. c4 Bg7 3. e4 Nc6 4. Nf3 d6 5. d5 Ne5 6. Nxe5 Bxe5 7. Nd2 c6 8. Nf3 Bg7 9. Be2 Nf6 10. Qd3 O-O 11. O-O Bg4 12. Be3 Nd7 13. Rab1 c5 14. a3 a6 15. Rfc1 Rc8 16. b4 Bxf3 17. Bxf3 Ne5 18. Qe2 b5 19. bxc5 Nxc4 20. c6 Nxa3 21. Rb3 Nc4 22. h4 e6 23. Rxc4 bxc4 24. Qxc4 exd5 25. exd5 Qa5 26. g3 Qe1+ 27. Kg2 a5 28. Bg4 f5 29. Bf3 Be5 30. Rb7 Rf7 31. Qa6 Rcf8 32. Rxf7 Rxf7 33. Bh6 Bg7 34. Bf4 Bd4 35. Bh6 Qxf2+ 36. Kh3 Qf1+ 37. Bg2 Qxa6 0-1


[Site "https://www.chess.com"]

[Event "Titled Tuesday Blitz June 15 2021"]
[White "Aitbayev, Aslan"]
[Black "Alavkin, Arseny"]
[WhiteFideId "13704613"]
[BlackFideId "4120612"]
[WhiteElo "2417"]
[BlackElo "2401"]
[Result "0-1"]
[Round "08"]
[TimeControl "180+1"]
[Date "2021.06.15"]
[WhiteClock "0:00:05"]
[BlackClock "0:01:27"]

1. e4 e6 2. d4 d5 3. e5 c5 4. c3 Nc6 5. Nf3 Bd7 6. Bd3 Qb6 7. O-O cxd4 8. Re1 a6 9. Nbd2 dxc3 10. bxc3 Nge7 11. Nb3 Ng6 12. h4 Qc7 13. Qe2 Nge7 14. Ba3 Nf5 15. Bxf8 Rxf8 16. Bxf5 exf5 17. Nc5 Be6 18. Rab1 Rb8 19. Ng5 Nd8 20. Qe3 h6 21. Nf3 Ke7 22. Rb2 Rc8 23. Nd3 Re8 24. Nd4 Kf8 25. Rc1 Kg8 26. h5 Bd7 27. Qf3 Nc6 28. Qxd5 Rcd8 29. Qd6 Qxd6 30. exd6 Nxd4 31. cxd4 Bc6 32. Ne5 Rxd6 33. Nxc6 bxc6 34. Rb4 Re4 35. f3 Rexd4 36. Rxd4 Rxd4 37. Rxc6 Ra4 38. Rc2 g6 39. hxg6 fxg6 40. Kh2 Kg7 41. Kg3 Kf6 42. Rb2 Kg5 43. Rd2 h5 44. Kf2 h4 45. Rc2 Kf4 46. Rb2 g5 47. Rc2 g4 48. fxg4 fxg4 49. g3+ hxg3+ 50. Kg2 a5 51. Rb2 Rb4 52. Rd2 a4 53. a3 Rc4 54. Re2 Rc3 55. Re8 Rxa3 56. Rf8+ Ke3 57. Rd8 Rd3 58. Re8+ Kd2 59. Ra8 a3 60. Rc8 Rc3 61. Ra8 Kc2 62. Ra7 Kb2 63. Rb7+ Rb3 64. Re7 a2 65. Re2+ Ka3 66. Re1 Rb1 67. Re3+ Kb4 68. Re4+ Kc5 69. Re5+ Kd4 70. Rf5 a1=Q 71. Rf4+ Ke5 72. Rf1 Rxf1 0-1


[Site "https://www.chess.com"]

[Event "Titled Tuesday Blitz June 15 2021"]
[White "Alekseenko, Kirill"]
[Black "Bluebaum, Matthias"]
[WhiteFideId "4135539"]
[BlackFideId "24651516"]
[WhiteElo "2580"]
[BlackElo "2685"]
[Result "1-0"]
[Round "08"]
[TimeControl "180+1"]
[Date "2021.06.15"]
[WhiteClock "0:00:24"]
[BlackClock "0:00:03"]

1. d4 Nf6 2. Nc3 d5 3. Bf4 c5 4. e3 cxd4 5. exd4 a6 6. Nf3 Nc6 7. Ne5 Bd7 8. Be2 e6 9. O-O Qb6 10. Nxc6 Bxc6 11. Rb1 Be7 12. Re1 O-O 13. Bd3 Bb5 14. Nxb5 axb5 15. a3 b4 16. axb4 Bxb4 17. c3 Bd6 18. Bg5 Be7 19. h3 Ra2 20. Qe2 Rc8 21. Rec1 h6 22. Bh4 Qd8 23. Rc2 Rca8 24. Re1 Ra1 25. Rcc1 Rxc1 26. Rxc1 Ne8 27. Bg3 Bd6 28. Be5 Bxe5 29. dxe5 Qg5 30. Rf1 g6 31. Kh2 Ng7 32. f4 Qd8 33. Qf2 h5 34. g3 Qc7 35. Qd4 b6 36. g4 hxg4 37. hxg4 Qc5 38. Rd1 Ne8 39. f5 Qxd4 40. cxd4 gxf5 41. gxf5 Kf8 42. f6 Ra4 43. Bh7 Nc7 44. Rc1 Rc4 45. Rg1 Ke8 46. Rg8+ Kd7 47. Bg6 Rxd4 48. Bxf7 Rf4 49. Kg3 Rf5 50. Bg6 Rf1 51. f7 Ke7 52. Re8+ Kd7 53. f8=Q Rxf8 54. Rxf8 d4 1-0


[Site "https://www.chess.com"]

[Event "Titled Tuesday Blitz June 15 2021"]
[White "Annaberdiyev, Babageldi"]
[Black "Siddharth, Jagadeesh"]
[WhiteFideId "14000385"]
[BlackFideId "5818320"]
[WhiteElo "2332"]
[BlackElo "2127"]
[Result "1-0"]
[Round "08"]
[TimeControl "180+1"]
[Date "2021.06.15"]
[WhiteClock "0:00:12"]
[BlackClock "0:00:11"]

1. e4 c6 2. d4 d5 3. Nd2 dxe4 4. Nxe4 Nf6 5. Nxf6+ exf6 6. Bc4 Bd6 7. Qe2+ Be7 8. Nf3 O-O 9. O-O Na6 10. h3 Nc7 11. a4 a5 12. c3 Bd6 13. Bd2 Re8 14. Qd3 Be6 15. Bxe6 Rxe6 16. Rad1 Qd7 17. Rfe1 Rae8 18. c4 Bb4 19. Bxb4 axb4 20. Qd2 c5 21. d5 Rxe1+ 22. Rxe1 Rxe1+ 23. Qxe1 Ne8 24. b3 Nd6 25. Qe3 Qc7 26. Ne1 Kf8 27. Nd3 b6 28. f4 Nf5 29. Qf2 Nd4 30. Nxb4 Nxb3 31. Nc6 Na5 32. Nxa5 bxa5 33. Qe3 Qb6 34. Kh2 g6 35. Qc3 Ke7 36. Qe3+ Kd7 37. Qc3 Qb4 38. Qxf6 Qxc4 39. Qxf7+ Kd8 40. Qg8+ Kd7 41. Qxh7+ Kd8 42. Qg8+ Kd7 43. Qf7+ Kd8 44. Qf8+ Kd7 45. d6 Qe6 46. Qg7+ Kxd6 47. Qf8+ Kc6 48. Qa8+ Kb6 49. Qb8+ Kc6 50. Qb5+ Kd6 51. Qxa5 Qc4 52. Qd8+ Ke6 53. Qg8+ 1-0


[Site "https://www.chess.com"]

[Event "Titled Tuesday Blitz June 15 2021"]
[White "Aradhya, Garg"]
[Black "Levitskiy, Andrey"]
[WhiteFideId "25006746"]
[BlackFideId "14132885"]
[WhiteElo "2146"]
[BlackElo "2323"]
[Result "0-1"]
[Round "08"]
[TimeControl "180+1"]
[Date "2021.06.15"]
[WhiteClock "0:01:18"]
[BlackClock "0:00:32"]

1. d4 Nf6 2. c4 e6 3. Nf3 Bb4+ 4. Nbd2 d6 5. e3 O-O 6. Bd3 e5 7. O-O Bxd2 8. Nxd2 exd4 9. exd4 d5 10. b3 dxc4 11. Nxc4 Bg4 12. f3 Bh5 13. Bb2 Nc6 14. Rc1 Bg6 15. Re1 Re8 16. Rxe8+ Qxe8 17. Bxg6 hxg6 18. Ne5 Rd8 19. Nxc6 bxc6 20. Qe1 Qd7 21. Qc3 Qe6 22. Qxc6 Qe3+ 23. Kh1 Re8 24. Qc3 Qf2 25. Rg1 Nd5 26. Qc6 Re1 27. Qe8+ Rxe8 0-1


[Site "https://www.chess.com"]

[Event "Titled Tuesday Blitz June 15 2021"]
[White "Araujo Sanchez, Josue"]
[Black "Mickiewicz, Piotr"]
[WhiteFideId "6416896"]
[BlackFideId "1114891"]
[WhiteElo "2140"]
[BlackElo "2263"]
[Result "0-1"]
[Round "08"]
[TimeControl "180+1"]
[Date "2021.06.15"]
[WhiteClock "0:00:15"]
[BlackClock "0:00:19"]

1. b3 d5 2. Bb2 Nf6 3. e3 Bf5 4. c4 e6 5. Nf3 h6 6. Be2 Be7 7. O-O O-O 8. d3 c5 9. Ne5 Nfd7 10. cxd5 exd5 11. Nd2 Nxe5 12. Bxe5 Nc6 13. Bb2 Bf6 14. Bxf6 Qxf6 15. Qc2 b6 16. a3 Rfe8 17. Rac1 Rac8 18. Nf3 d4 19. e4 Bg4 20. Rfe1 Bxf3 21. Bxf3 Ne5 22. Bd1 b5 23. Qd2 c4 24. dxc4 bxc4 25. bxc4 Nxc4 26. Qb4 a5 27. Qa4 Nb2 28. Rxc8 Rxc8 29. Qxa5 d3 30. Bf3 Qc3 31. Qb4 Qxb4 32. axb4 d2 33. Rf1 Rc1 34. e5 Kf8 35. b5 Ke7 36. b6 Kd8 37. g3 Kc8 38. h4 d1=Q 39. Bxd1 Rxd1 40. Rxd1 Nxd1 41. Kf1 Kb7 42. Ke2 Nc3+ 43. Kd3 Nd5 44. Ke4 Ne7 45. e6 f6 46. h5 Kxb6 47. f4 f5+ 48. Kd4 Kc6 49. Ke5 Kc5 50. g4 fxg4 51. f5 g3 52. f6 gxf6+ 53. Kxf6 Nd5+ 54. Kg6 g2 55. Kxh6 g1=Q 56. Kh7 Nf6+ 57. Kh6 Ne8 58. Kh7 Qg7# 0-1


[Site "https://www.chess.com"]

[Event "Titled Tuesday Blitz June 15 2021"]
[White "Assaubayeva, Bibisara"]
[Black "Baskin, Robert"]
[WhiteFideId "13708694"]
[BlackFideId "24662402"]
[WhiteElo "2232"]
[BlackElo "2462"]
[Result "0-1"]
[Round "08"]
[TimeControl "180+1"]
[Date "2021.06.15"]
[WhiteClock "0:00:18"]
[BlackClock "0:00:02"]

1. d4 Nf6 2. c4 c5 3. d5 b5 4. cxb5 a6 5. bxa6 g6 6. Nc3 Bg7 7. e4 O-O 8. Nf3 Qa5 9. Bd2 Bxa6 10. Be2 e6 11. O-O Bxe2 12. Qxe2 Qa6 13. Qxa6 Nxa6 14. Bf4 exd5 15. exd5 Rfe8 16. a3 Ne4 17. Nb5 Bxb2 18. Rab1 Bg7 19. Rfe1 c4 20. a4 c3 21. a5 Rac8 22. Rbc1 Rc5 23. Ng5 f5 24. Nxe4 Rxe4 25. Rxe4 fxe4 26. Nd6 Rxd5 27. Kf1 Rxa5 28. Nxe4 Ra3 29. Bd6 Rb3 30. Ke2 Nb4 31. Bxb4 Rxb4 32. Nxc3 Rb2+ 33. Ke3 Rb3 34. Kd3 Kf7 35. Kc4 Rxc3+ 36. Rxc3 Bxc3 37. Kxc3 Ke6 38. Kd4 d5 39. g4 g5 40. f3 Kd6 41. h3 Ke6 42. Kd3 Ke5 43. Ke3 d4+ 44. Kd3 Kf4 45. Kxd4 Kxf3 46. Ke5 Kg3 47. Kf5 h6 0-1


[Site "https://www.chess.com"]

[Event "Titled Tuesday Blitz June 15 2021"]
[White "Badelka, Olga"]
[Black "Skatchkov, Pavel"]
[WhiteFideId "13509926"]
[BlackFideId "4121848"]
[WhiteElo "2181"]
[BlackElo "2476"]
[Result "0-1"]
[Round "08"]
[TimeControl "180+1"]
[Date "2021.06.15"]
[WhiteClock "0:00:01"]
[BlackClock "0:00:05"]

1. d4 Nf6 2. c4 e6 3. Nf3 d5 4. g3 dxc4 5. Qa4+ Nbd7 6. Qxc4 a6 7. Bg2 b5 8. Qc2 Bb7 9. Nc3 c5 10. O-O cxd4 11. Nxd4 Bxg2 12. Kxg2 Bc5 13. Rd1 O-O 14. Be3 Rc8 15. Qd2 Qb6 16. Nb3 Bxe3 17. Qxe3 Qxe3 18. fxe3 Ne5 19. Rd6 b4 20. Nd1 Rc2 21. Kf1 Nfg4 22. h3 Nc4 23. Rxa6 Ngxe3+ 24. Nxe3 Nxe3+ 25. Kf2 Nd5 26. a4 Rxb2 27. Nc1 b3 28. Rc6 Rb8 29. a5 Rc2 30. Rxc2 bxc2 31. Ra2 Rc8 32. a6 Kf8 33. a7 Ra8 34. Ra4 Nb6 35. Ra2 Nc8 36. Rxc2 Nxa7 37. Ra2 Rc8 38. Nd3 Nb5 39. Ra5 Nd4 40. Ra7 Rc2 41. Nf4 g5 42. Ra8+ Kg7 43. Nd3 Rxe2+ 44. Kf1 Rh2 45. Ne5 Re2 46. Nd3 Re3 47. Nc5 Rxg3 48. Ra7 Rxh3 0-1


[Site "https://www.chess.com"]

[Event "Titled Tuesday Blitz June 15 2021"]
[White "Balakrishnan, Praveen"]
[Black "Rojas Alarcon, Julian Antonio"]
[WhiteFideId "2064871"]
[BlackFideId "5107407"]
[WhiteElo "2237"]
[BlackElo "2333"]
[Result "1-0"]
[Round "08"]
[TimeControl "180+1"]
[Date "2021.06.15"]
[WhiteClock "0:01:32"]
[BlackClock "0:00:41"]

1. e4 c5 2. Nf3 d6 3. d4 cxd4 4. Qxd4 Nf6 5. Nc3 Nc6 6. Bb5 Bd7 7. Bxc6 Bxc6 8. Bg5 e6 9. O-O-O Be7 10. Rhe1 Qc7 11. Bxf6 gxf6 12. Nd5 Qd8 13. Nxe7 Kxe7 14. e5 fxe5 15. Nxe5 f6 16. Nc4 d5 17. Qg4 Qg8 18. Qd4 Qd8 19. Qg4 Qg8 20. Rxe6+ Qxe6 21. Qg7+ Kd8 22. Qxh8+ Kc7 23. Qxa8 dxc4 24. Qd8# 1-0


[Site "https://www.chess.com"]

[Event "Titled Tuesday Blitz June 15 2021"]
[White "Baradaran, Arman"]
[Black "Harshavardhan G B"]
[WhiteFideId "880515"]
[BlackFideId "25059009"]
[WhiteElo "2132"]
[BlackElo "1825"]
[Result "0-1"]
[Round "08"]
[TimeControl "180+1"]
[Date "2021.06.15"]
[WhiteClock "0:00:02"]
[BlackClock "0:00:25"]

1. d4 d5 2. c4 c6 3. Nf3 Nf6 4. Nc3 e6 5. g3 Nbd7 6. Bg2 Bd6 7. O-O O-O 8. Qd3 b6 9. e4 dxe4 10. Nxe4 Nxe4 11. Qxe4 Bb7 12. Rd1 Qc7 13. Qc2 c5 14. dxc5 Bxc5 15. Bf4 Qc8 16. Ng5 Nf6 17. Be5 h6 18. Bxf6 hxg5 19. Bxg5 Bxg2 20. Kxg2 Qc6+ 21. f3 f6 22. Bd2 Rfd8 23. Be1 Bd4 24. Bf2 Bxf2 25. Kxf2 b5 26. b3 Rac8 27. Qe4 Qb6+ 28. Qe3 Rxd1 29. Qxb6 Rd2+ 30. Ke3 axb6 31. Kxd2 bxc4 32. bxc4 Rxc4 33. Rb1 Ra4 34. Rb2 Kf7 35. h4 Ra6 36. Kd3 e5 37. Kc4 Ra3 38. Kb5 Rxf3 39. Kxb6 Ra3 40. Kc5 Ke6 41. g4 Ra4 42. g5 Rxh4 43. gxf6 gxf6 44. Rb6+ Kf5 45. Ra6 Rh1 46. a4 e4 47. Kd4 Rd1+ 48. Ke3 Rd3+ 49. Ke2 Ra3 50. a5 Ke5 51. Ra8 f5 52. a6 Ra2+ 53. Ke1 Kf4 54. a7 Ke3 55. Kf1 f4 56. Kg1 f3 57. Kh1 Ra1+ 58. Kh2 f2 59. Rf8 Rxa7 60. Rxf2 Kxf2 61. Kh3 Kf3 62. Kh4 Kf4 63. Kh5 Ra6 64. Kh4 Rh6# 0-1


[Site "https://www.chess.com"]

[Event "Titled Tuesday Blitz June 15 2021"]
[White "Bazarov, Konstantin"]
[Black "Obolentseva, Alexandra"]
[WhiteFideId "4137000"]
[BlackFideId "24153648"]
[WhiteElo "2209"]
[BlackElo "2113"]
[Result "1/2-1/2"]
[Round "08"]
[TimeControl "180+1"]
[Date "2021.06.15"]
[WhiteClock "0:00:26"]
[BlackClock "0:00:54"]

1. Nf3 Nf6 2. c4 g6 3. Nc3 Bg7 4. e4 O-O 5. d4 d6 6. Be2 e5 7. d5 a5 8. h3 c6 9. Be3 cxd5 10. cxd5 Bd7 11. O-O b5 12. Nd2 b4 13. Na4 Ne8 14. Nb6 Ra7 15. Rc1 Rc7 16. Qb3 Rc8 17. Nxc8 Bxc8 18. Nc4 f5 19. exf5 gxf5 20. Bb6 Qg5 21. f4 exf4 22. Nxa5 Be5 23. Rxc8 Nd7 24. Bf2 Kh8 25. Bf3 Rg8 26. Nc6 Ndf6 27. Re1 Ne4 28. Bd4 Qg3 29. Re2 Nd2 30. Rxd2 Qe1+ 31. Kh2 Bxd4 32. Nxd4 Qg3+ 33. Kg1 Qe1+ 34. Kh2 Qg3+ 35. Kg1 Qe1+ 36. Kh2 1/2-1/2


[Site "https://www.chess.com"]

[Event "Titled Tuesday Blitz June 15 2021"]
[White "Berend, Elvira"]
[Black "Maly, Alexey"]
[WhiteFideId "4000510"]
[BlackFideId "14103184"]
[WhiteElo "2340"]
[BlackElo "2285"]
[Result "0-1"]
[Round "08"]
[TimeControl "180+1"]
[Date "2021.06.15"]
[WhiteClock "0:00:04"]
[BlackClock "0:00:33"]

1. d4 d5 2. c4 dxc4 3. e3 Nf6 4. Bxc4 e6 5. Nf3 a6 6. O-O b5 7. Bb3 Bb7 8. Nc3 Nbd7 9. Qe2 c5 10. Rd1 Qc7 11. d5 exd5 12. Nxd5 Nxd5 13. Bxd5 Bxd5 14. Rxd5 Be7 15. e4 O-O 16. Bg5 Nb6 17. Rdd1 h6 18. Bxe7 Qxe7 19. e5 Rad8 20. Qe4 c4 21. h4 Na4 22. Qc2 Rxd1+ 23. Rxd1 Rd8 24. b3 Rxd1+ 25. Qxd1 Nc3 26. Qc2 Qb4 27. e6 fxe6 28. Qg6 Qe7 29. bxc4 bxc4 30. Qc2 Qb4 31. Kh2 Nd5 32. Qe4 Qd6+ 33. g3 c3 34. Nd4 Nf6 35. Qa8+ Kh7 36. Nb3 c2 37. Qc8 Ng4+ 38. Kg2 Qd5+ 39. Kg1 Qd1+ 40. Kg2 Qe2 41. Qc5 Ne5 42. Nd4 Qe4+ 43. f3 c1=Q 44. Qxc1 Qxd4 45. Qc2+ Qd3 46. Qb2 Qxf3+ 47. Kh3 Qh1+ 0-1


[Site "https://www.chess.com"]

[Event "Titled Tuesday Blitz June 15 2021"]
[White "Bologan, Victor"]
[Black "Howell, David W L"]
[WhiteFideId "13900048"]
[BlackFideId "410608"]
[WhiteElo "2511"]
[BlackElo "2643"]
[Result "0-1"]
[Round "08"]
[TimeControl "180+1"]
[Date "2021.06.15"]
[WhiteClock "0:00:24"]
[BlackClock "0:00:26"]

1. e4 g6 2. d4 Bg7 3. Nc3 c6 4. f4 d5 5. e5 Nh6 6. Nf3 Bg4 7. Be2 f6 8. Be3 O-O 9. Qd2 e6 10. O-O-O Nd7 11. Kb1 b5 12. h3 Bxf3 13. Bxf3 Nb6 14. h4 b4 15. Ne2 Nc4 16. Qd3 Nxe3 17. Qxe3 Nf5 18. Qd3 fxe5 19. fxe5 c5 20. Bg4 cxd4 21. Bxf5 Rxf5 22. Nxd4 Rxe5 23. Nc6 Qd6 24. Nxe5 Qxe5 25. Qb3 a5 26. Rhe1 Qf6 27. Rf1 Qe5 28. Rde1 Qd4 29. Rd1 Qe5 30. Rfe1 Qf6 31. a4 bxa3 32. Rxd5 a4 33. Qb7 Rf8 34. Ra5 axb2 35. Rxa4 h5 36. Qe4 Kh7 37. Qxe6 Qxe6 38. Rxe6 Rf1+ 39. Ka2 Ra1+ 40. Kb3 b1=Q+ 0-1


[Site "https://www.chess.com"]

[Event "Titled Tuesday Blitz June 15 2021"]
[White "Chigaev, Maksim"]
[Black "Oparin, Grigoriy"]
[WhiteFideId "4108116"]
[BlackFideId "24125890"]
[WhiteElo "2646"]
[BlackElo "2628"]
[Result "0-1"]
[Round "08"]
[TimeControl "180+1"]
[Date "2021.06.15"]
[WhiteClock "0:01:41"]
[BlackClock "0:02:16"]

1. e4 c5 2. Nf3 d6 3. d4 cxd4 4. Nxd4 Nf6 5. Nc3 Nc6 6. Bg5 e6 7. Qd2 a6 8. Nxc6 bxc6 9. Bc4 h6 10. Bf4 d5 11. Bb3 Be7 12. O-O-O a5 13. f3 O-O 14. h4 Nd7 15. Bxh6 gxh6 16. Qxh6 Bf6 17. Rh3 Bg7 18. Rg3 Qf6 19. Qh5 Qf4+ 0-1


[Site "https://www.chess.com"]

[Event "Titled Tuesday Blitz June 15 2021"]
[White "Colas, Joshua"]
[Black "Abdusattorov, Nodirbek"]
[WhiteFideId "2044447"]
[BlackFideId "14204118"]
[WhiteElo "2347"]
[BlackElo "2662"]
[Result "1-0"]
[Round "08"]
[TimeControl "180+1"]
[Date "2021.06.15"]
[WhiteClock "0:00:04"]
[BlackClock "0:00:02"]

1. Nf3 Nf6 2. c4 c5 3. b3 g6 4. Bb2 Bg7 5. g3 O-O 6. Bg2 d6 7. d4 Ne4 8. O-O Nc6 9. Nbd2 Bf5 10. e3 Qa5 11. Nxe4 Bxe4 12. Qe2 Bxf3 13. Bxf3 cxd4 14. exd4 Bxd4 15. Bxc6 Bxb2 16. Bxb7 Bxa1 17. Bxa8 Bd4 18. Bg2 e6 19. h4 h5 20. Kh2 Qc5 21. f3 a5 22. f4 Rb8 23. Rd1 a4 24. Qd3 axb3 25. axb3 Bf2 26. Qf3 Kg7 27. Qc3+ e5 28. fxe5 dxe5 29. Rd5 Bg1+ 30. Kh1 Bd4 31. Rxc5 Bxc3 32. Rb5 Rd8 33. Rd5 Ra8 34. Rd7 Ra1+ 35. Kh2 Bd4 36. Bd5 Ra2+ 37. Kh3 Rf2 38. b4 Kh6 39. Rxf7 Rb2 40. b5 Bc5 41. Rc7 Bb6 42. Rc6 Bg1 43. Bg2 e4 44. Re6 e3 45. g4 e2 46. Bf3 e1=Q 47. Rxe1 Bc5 48. gxh5 Rb3 49. Kg2 gxh5 50. Re6+ Kg7 51. Re5 Bd4 52. Rxh5 Kf6 53. Rd5 Be5 54. h5 Rb2+ 55. Kf1 Bg3 56. Be2 Bf4 57. Bd3 Be3 58. Ke1 Ke6 59. Bf5+ Kf6 60. Bd3 Ke6 61. Be2 Rb1+ 62. Bd1 Rb2 63. Bg4+ Kf6 64. Be2 Rb1+ 65. Bd1 Rb2 66. h6 Bxh6 67. Kf1 Be3 68. Be2 Ke6 69. Bg4+ Kf6 70. Be2 Ke6 71. Bd3 Rf2+ 72. Ke1 Rb2 73. Kd1 Rd2+ 74. Ke1 Rb2 75. Bf5+ Kf6 76. Bd7 Ke7 77. Bc6 Ke6 78. Bd7+ Kf6 79. c5 Bf2+ 80. Kd1 Bg3 81. c6 Bc7 82. Kc1 Rb4 83. Kc2 Ke7 84. Kc3 Ba5 85. Kd3 Rb3+ 86. Kc4 Rb4+ 87. Kc5 Rb1 88. Re5+ Kf6 89. Re6+ Kf7 90. Re4 Rc1+ 91. Kd6 Bb6 92. Re5 Rd1+ 93. Rd5 Rc1 94. Rf5+ Kg7 95. Be6 Rd1+ 96. Ke7 Bc7 97. Rf7+ Kg6 98. Ke8 Bb6 99. Rd7 Re1 100. Re7 Kf6 101. Rf7+ Kxe6 102. Re7+ Kd5 103. Rxe1 Kc5 104. Rc1+ Kd6 105. c7 Bxc7 106. Rc6+ Kd5 107. Rxc7 1-0


[Site "https://www.chess.com"]

[Event "Titled Tuesday Blitz June 15 2021"]
[White "De Silva, L M S T"]
[Black "Golubev, Mikhail"]
[WhiteFideId "9953698"]
[BlackFideId "14100983"]
[WhiteElo "1621"]
[BlackElo "2374"]
[Result "1-0"]
[Round "08"]
[TimeControl "180+1"]
[Date "2021.06.15"]
[WhiteClock "0:00:45"]
[BlackClock "0:00:21"]

1. Nf3 d6 2. d4 Nf6 3. b3 g6 4. Bb2 Bg7 5. e3 O-O 6. Be2 b6 7. O-O Bb7 8. c4 Nbd7 9. Nc3 Re8 10. Qc2 e5 11. dxe5 Nxe5 12. Nxe5 dxe5 13. Rad1 Qe7 14. Nd5 Nxd5 15. cxd5 a6 16. e4 Bc8 17. Rc1 Ra7 18. Rfd1 Rd8 19. Qd2 c5 20. b4 cxb4 21. Rc6 b5 22. d6 Qe8 23. Qc2 Rad7 24. Rc7 Bb7 25. Bg4 Rxd6 26. Rxd6 Rxd6 27. Rxb7 h5 28. Bf3 Qd8 29. Rc7 Rd2 30. Qc1 Kh7 31. Rxf7 Qd3 32. Bxe5 1-0


[Site "https://www.chess.com"]

[Event "Titled Tuesday Blitz June 15 2021"]
[White "Dimic, Pavle"]
[Black "Hess, Robert"]
[WhiteFideId "937428"]
[BlackFideId "2022036"]
[WhiteElo "2216"]
[BlackElo "2557"]
[Result "1-0"]
[Round "08"]
[TimeControl "180+1"]
[Date "2021.06.15"]
[WhiteClock "0:01:48"]
[BlackClock "0:00:08"]

1. d4 g6 2. c4 Bg7 3. Nf3 c5 4. e4 cxd4 5. Nxd4 Nc6 6. Be3 Nf6 7. Nc3 O-O 8. Bd3 Ng4 9. Qxg4 Nxd4 10. Qd1 d6 11. O-O a6 12. Rc1 Rb8 13. f4 b5 14. cxb5 axb5 15. f5 b4 16. Nd5 Be5 17. Bc4 Nc6 18. Bh6 Na5 19. Bxf8 Qxf8 20. fxg6 hxg6 21. Nxe7+ Qxe7 22. Rxf7 Qxf7 23. Bxf7+ Kxf7 24. Qd5+ Be6 1-0


[Site "https://www.chess.com"]

[Event "Titled Tuesday Blitz June 15 2021"]
[White "Dmitrenko, Viktor"]
[Black "Herrera Reyes, Jose Antonio"]
[WhiteFideId "14110270"]
[BlackFideId "2274914"]
[WhiteElo "2338"]
[BlackElo "2370"]
[Result "0-1"]
[Round "08"]
[TimeControl "180+1"]
[Date "2021.06.15"]
[WhiteClock "0:00:16"]
[BlackClock "0:00:29"]

1. Nf3 c5 2. e4 e6 3. Nc3 a6 4. g3 Qc7 5. Bg2 b5 6. O-O Bb7 7. Re1 d6 8. d4 cxd4 9. Nxd4 Nd7 10. a4 b4 11. Nd5 exd5 12. exd5+ Be7 13. Nf5 g6 14. Nxe7 Nxe7 15. Bg5 f6 16. Bh6 Kf7 17. Re6 Nf5 18. Bf4 Ne5 19. Bxe5 dxe5 20. c3 Rhd8 21. Rc1 Rac8 22. Qb3 Qc4 23. Qxc4 Rxc4 24. Rb6 Bxd5 25. Bf1 Rc6 26. Rxb4 Nd6 27. Rd1 Be6 28. Bg2 Rc7 29. Rb6 Nc8 30. Rxd8 Nxb6 31. a5 Nc4 32. b4 Na3 33. Bf1 Rxc3 34. Bxa6 Bh3 35. f4 exf4 36. gxf4 Rc2 37. Bb7 Ke7 38. Rb8 Nc4 39. a6 Ra2 40. Bd5 Ne3 41. Bb7 Ng4 0-1


[Site "https://www.chess.com"]

[Event "Titled Tuesday Blitz June 15 2021"]
[White "Dobrov, Vladimir"]
[Black "Popilski, Gil"]
[WhiteFideId "4136594"]
[BlackFideId "2809060"]
[WhiteElo "2614"]
[BlackElo "2537"]
[Result "0-1"]
[Round "08"]
[TimeControl "180+1"]
[Date "2021.06.15"]
[WhiteClock "0:00:05"]
[BlackClock "0:00:02"]

1. d4 Nf6 2. c4 e6 3. Nf3 b6 4. Nc3 Bb7 5. a3 g6 6. Qc2 Bg7 7. e4 O-O 8. e5 Ng4 9. h3 Nh6 10. Bg5 Qc8 11. Ne4 d6 12. Nf6+ Kh8 13. h4 Bxf3 14. gxf3 dxe5 15. h5 Nc6 16. Qe4 Nxd4 17. Bd3 Nhf5 18. hxg6 h6 19. f4 exf4 20. O-O-O fxg6 21. Ng4 h5 22. Ne5 Kh7 23. Rdg1 Bxe5 24. Qxe5 Nf3 25. Qe4 Nxg1 26. Rxg1 Qd7 27. Bxf4 Rad8 28. Bc2 Qd4 29. Qf3 Qxc4 30. Be5 Rd5 31. Bc3 Qh4 32. Kb1 Rfd8 33. Qe2 Qe7 34. f4 Qf7 35. Bb3 c5 36. Bc2 Rd4 37. Qf3 Rxf4 38. Qxf4 c4 39. Qe4 b5 40. Qe5 a5 41. Re1 Rd7 42. Bxa5 Qg8 43. Bc3 Rd5 44. Qxe6 Qxe6 45. Rxe6 Nd4 46. Re7+ Kg8 47. Be4 Rd6 48. Rb7 Nb3 49. Rb8+ Kf7 50. Rxb5 Rd1+ 51. Kc2 Rc1# 0-1


[Site "https://www.chess.com"]